 Dungeon Crawl Stone Soup version 0.27.1 (webtiles) character file.

Game seed: 17854358146386767760

1769 dtburroughs the Chopper (level 8, -5/73 HPs)
             Began as a Minotaur Berserker on Aug 29, 2021.
             Was a Priest of Trog.
             Slain by Duvessa (20 damage)
             ... on level 6 of the Dungeon.
             The game lasted 00:06:54 (5026 turns).

dtburroughs the Chopper (Minotaur Berserker)        Turns: 5026, Time: 00:06:54

Health: -5/73      AC: 14    Str: 22    XL:     8   Next: 80%
Magic:  7/7        EV:  8    Int:  6    God:    Trog [***...]
Gold:   162        SH:  5    Dex: 10    Spells: 7/7 levels left

rFire    . . .     SeeInvis .   r - +0 war axe
rCold    . . .     Faith    .   (no shield)
rNeg     . . .     Spirit   .   s - +0 plate armour
rPois    .         Reflect  +   (helmet restricted)
rElec    .         Harm     .   (no cloak)
rCorr    .         Rampage  .   v - +0 pair of gloves
Will     .....                  (no boots)
Stlth    ..........             t - amulet of reflection
HPRegen  0.22/turn              l - +4 ring of slaying
MPRegen  0.10/turn              (no ring)

@: no status effects
A: horns 2, retaliatory headbutt
a: Renounce Religion, Berserk, Trog's Hand


You were on level 6 of the Dungeon.
You worshipped Trog.
Trog was most pleased with you.
You visited 1 branch of the dungeon, and saw 6 of its levels.

You collected 162 gold pieces.

Inventory:

Hand Weapons
 a - a +0 hand axe
 o - a +0 vampiric hand axe
 r - a +0 war axe (weapon)
Armour
 b - a +0 animal skin
 f - a +0 scale mail
 s - a +0 plate armour (worn)
 v - a +0 pair of gloves (worn)
Jewellery
 l - a +4 ring of slaying (left hand)
 t - an amulet of reflection (around neck)
Wands
 m - a wand of polymorph (9)
Scrolls
 d - a scroll of acquirement {unknown}
 e - a scroll of torment
 g - a scroll of teleportation {unknown}
 k - a scroll of holy word {unknown}
 n - 2 scrolls of enchant armour
 q - a scroll of magic mapping {unknown}
 u - a scroll of noise {unknown}
 w - a scroll of enchant weapon {unknown}
 x - a scroll of identify
Potions
 c - 6 potions of curing
 h - a potion of lignification {unknown}
 i - 3 potions of berserk rage
 j - 2 potions of might
 p - a potion of heal wounds {unknown}
 z - a potion of invisibility {unknown}


   Skills:
 + Level 7.2 Fighting
 + Level 7.2 Axes
 + Level 6.7 Armour
 + Level 6.1 Dodging
 + Level 3.7 Evocations


You had 7 spell levels left.
You didn't know any spells.
Your spell library was empty.

Dungeon Overview and Level Annotations

Branches:
Dungeon (6/15)
 Temple: D:4-7

Altars:

Shops:
D:1 (

Annotations:
D:4 2 transporters, jlumianski's ghost, amateur DDFi
D:6 Duvessa


Innate Abilities, Weirdness & Mutations

You have a pair of horns on your head.
You reflexively headbutt those who attack you in melee.


Message History

The puff of flame hits you but does no damage.
Duvessa hits you with a +0 short sword of electrocution.
There is an open door, spattered with blood here.
You hit Dowan but do no damage. Your headbutt misses Dowan.
You hit Duvessa but do no damage. Dowan hits you with a +0 dagger.
Duvessa hits you but does no damage. Dowan barely misses you.
You slash Dowan! Your headbutt misses Dowan.
Dowan is heavily wounded.
You hit Duvessa but do no damage.
Duvessa hits you with a +0 short sword of electrocution.
Dowan drinks a potion.
Dowan is healed!
You hit Dowan. Your headbutt misses Dowan.
Dowan is heavily wounded.
Your plate armour prevents you from hitting Duvessa.
You block Duvessa's attack. Dowan hits you but does no damage.
You slash Dowan!
Dowan is severely wounded.
You closely miss Duvessa.
Duvessa hits you with a +0 short sword of electrocution.
Dowan hits you but does no damage.
You closely miss Dowan.
Dowan is severely wounded.
You slash Duvessa!
Duvessa hits you with a +0 short sword of electrocution.
Dowan completely misses you. You furiously retaliate!
You headbutt Dowan! You closely miss Dowan. You headbutt Dowan.
You kill Dowan!
Trog accepts your kill.
Trog appreciates your killing of a magic user.
Duvessa screams in rage.
Duvessa goes berserk!
You hit Duvessa but do no damage. Duvessa hits you but does no damage.
You are electrocuted!
Duvessa hits you with a +0 short sword of electrocution.
You slash Duvessa! You headbutt Duvessa, but do no damage.
Duvessa is heavily wounded.
You block Duvessa's attack.
Duvessa hits you with a +0 short sword of electrocution!
* * * LOW HITPOINT WARNING * * *
You are electrocuted!!
You die...

.... ... ... .. #. #.
#.## #.# #.)# #.###
######@####### #...
.......e......# #(.#
..............# #..#
..............# #..#
..............# ##..####
..............# #.......
..............###.......
#########.....#...#..#..
#.....#.#..#..#.


You could see Duvessa (berserk).

Vanquished Creatures
  Pikel (D:4)
  Sigmund (D:3)
  A shadow (D:6)
  Menkaure (D:5)
  An orc warrior (D:4)
  2 black bears (D:5)
  An ogre (D:4)
  A centaur (D:5)
  2 lemures (D:4)
  A scorpion (D:4)
  Dowan (D:6)
  An orc priest (D:3)
  A hound (D:5)
  A jelly (D:4)
  4 orc wizards
  7 adders
  An adder skeleton (D:4)
  A worm (D:3)
  A dart slug (D:5)
  16 orcs
  3 ball pythons
  10 endoplasms
  A giant cockroach (D:1)
  4 goblins
  6 hobgoblins
  3 jackals (D:2)
  3 kobolds
  4 quokkas
  6 bats
  3 frilled lizards
  6 rats
95 creatures vanquished.

Notes
Turn   | Place    | Note
-------+----------+-------------------------------------------
     0 | D:1      | dtburroughs the Minotaur Berserker began the quest for the
                  | Orb.
     0 | D:1      | Reached XP level 1. HP: 19/19 MP: 0/0
   143 | D:1      | Reached XP level 2. HP: 27/27 MP: 1/1
   237 | D:1      | Found a faded altar of an unknown god.
   515 | D:1      | Found Fisommic's Antique Weapon Shoppe.
   646 | D:2      | Reached ** piety under Trog
   727 | D:2      | Reached XP level 3. HP: 33/33 MP: 2/2
  1736 | D:2      | Reached XP level 4. HP: 39/41 MP: 3/3
  1894 | D:3      | Noticed Sigmund
  1914 | D:3      | Killed Sigmund
  1915 | D:3      | Reached skill level 5 in Fighting
  1915 | D:3      | Reached XP level 5. HP: 48/48 MP: 4/4
  2051 | D:3      | Reached skill level 5 in Axes
  2353 | D:3      | Reached XP level 6. HP: 44/56 MP: 5/5
  2656 | D:4      | Noticed an orc warrior
  2669 | D:4      | Found the +3 sling "Punk" {acid, rCorr}
  2820 | D:4      | Reached skill level 1 in Evocations
  2840 | D:4      | Reached *** piety under Trog
  2858 | D:4      | Noticed Pikel
  2868 | D:4      | Killed Pikel
  2869 | D:4      | Reached skill level 5 in Armour
  2869 | D:4      | Reached XP level 7. HP: 45/63 MP: 6/6
  3066 | D:4      | Found a transporter.
  3066 | D:4      | Noticed jlumianski's ghost (amateur DDFi)
  3078 | D:4      | Found a transporter.
  3198 | D:4      | Reached skill level 5 in Dodging
  3366 | D:4      | Reached XP level 8. HP: 13/71 MP: 7/7
  3862 | D:5      | Entered Level 5 of the Dungeon
  4534 | D:5      | Noticed Menkaure
  4544 | D:5      | Killed Menkaure
  5016 | D:6      | Noticed Duvessa
  5016 | D:6      | Noticed Dowan
  5025 | D:6      | Killed Dowan
  5026 | D:6      | Slain by Duvessa

Illustrated notes

Levels and vault maps discovered:
D:1:      ncdulo_halloftheorcs, layout_rooms, chequers_ecumenical_altar_simple,
          serial_shops, shop
D:2:      layout_rooms, minmay_misc_feat_cross
D:3:      layout_loops_ring, minmay_stone_trees_small, uniq_sigmund
D:4:      layout_loops_ring, gammafunk_ghost_arena, uniq_pikel
D:5:      layout_layer_cave, uniq_menkaure
D:6:      layout_basic, minmay_temple_entry_mist, hangedman_glass_teeth,
          minmay_misc_feat_diagonals, uniq_duvessa

Skill      XL: |  1  2  3  4  5  6  7  8 |
---------------+-------------------------+-----
Fighting       | 4 5 6 7 |  7.2
Axes           | 4 5 6 7 |  7.2
Armour         | 3 4 5 6 |  6.7
Dodging        | 3 4 5 6 |  6.1
Evocations     | 2 3 |  3.7

Action                   |  1- 3 |  4- 6 |  7- 9 || total
-------------------------+-------+-------+-------++-------
Melee: Hand axe          |    82 |    78 |    30 ||   190
       Headbutt          |     3 |    15 |    15 ||    33
       War axe           |       |       |    41 ||    41
Invok: Berserk           |     1 |     1 |     2 ||     4
       Trog's Hand       |       |     1 |     2 ||     3
  Use: Scroll            |       |       |     5 ||     5
Armor: Animal skin       |    10 |       |       ||    10
       Scale mail        |    36 |    22 |     5 ||    63
       Plate armour      |       |       |    28 ||    28
Dodge: Dodged            |    66 |    32 |    26 ||   124
Block: Other             |       |       |    17 ||    17
       Reflection        |       |       |     3 ||     3
